 Dungeon Crawl Stone Soup version 0.29.0-5-ge4962eb29e (webtiles) character file.

Game seed: 2645273094451192829

23 SensoryNuts the Trooper (level 3, 0/33 HPs)
             Began as a Hill Orc Fighter on Aug 28, 2022.
             Slain by a jackal (2 damage)
             ... on level 1 of the Dungeon.
             The game lasted 00:01:03 (983 turns).

SensoryNuts the Trooper (Hill Orc Fighter)           Turns: 983, Time: 00:01:04

Health: 0/33       AC:  8    Str: 20    XL:     3   Next: 0%
Magic:  3/3        EV:  9    Int:  8    God:
Gold:   46         SH:  4    Dex: 10    Spells: 2/2 levels left

rFire   . . .      SeeInvis .   a - +0 war axe
rCold   . . .      Faith    .   c - +0 buckler
rNeg    . . .      Spirit   .   b - +0 scale mail
rPois   .          Reflect  .   (no helmet)
rElec   .          Harm     .   (no cloak)
rCorr   .          Rampage  .   (no gloves)
Will    .....                   g - +0 pair of boots
Stlth   ..........              (no amulet)
HPRegen 0.11/turn               (no ring)
MPRegen 0.08/turn               (no ring)

@: no status effects
A: no striking features
a: no special abilities


You were on level 1 of the Dungeon.
You visited 1 branch of the dungeon, and saw 1 of its levels.

You collected 46 gold pieces.

Inventory:

Hand Weapons
 a - a +0 war axe (weapon)
Armour
 b - a +0 scale mail (worn)
 c - a +0 buckler (worn)
 g - a +0 pair of boots (worn)
 i - a +0 cloak
Scrolls
 e - a scroll of identify
 j - a scroll of blinking
Potions
 d - a potion of might
 f - a potion of brilliance


   Skills:
 + Level 4.0 Fighting
 * Level 3.7 Axes
 + Level 3.5 Armour
 + Level 3.4 Shields


You had 2 spell levels left.
You didn't know any spells.
Your spell library contained the following spells:

 Spells                   Type           Power      Damage    Failure   Level
 Summon Guardian Golem    Hex/Summ       0%         N/A       99%         3
 Tukima's Dance           Hex            0%         N/A       99%         3
 Passage of Golubria      Tloc           0%         N/A       100%        4
 Yara's Violent Unravell  Hex/Tmut       0%         3d3       100%        5
 Orb of Destruction       Conj           0%         9d5       100%        7
 Spellforged Servitor     Conj/Summ      0%         N/A       100%        7


Dungeon Overview and Level Annotations

Branches:
Dungeon (1/15)

Altars:


Message History

The jackal bites your endoplasm.
Your endoplasm freezes the jackal.
The jackal is frozen.
The jackal dies!
Okay, then.
Your endoplasm hits the worm.
Your goblin hits the worm with a +0 club.
There are monsters nearby!
There is a staircase leading out of the dungeon here.
You swap places.
You swap places.
There is a staircase leading out of the dungeon here.
You swap places.
You swap places.
The endoplasm hits you but does no damage.
There is a staircase leading out of the dungeon here.
You slash the endoplasm!
You kill the endoplasm!
Your ball python bites the worm but does no damage.
Your ball python grabs the worm.
Your ball python constricts the worm.
Your ball python bites the worm.
Your ball python constricts the worm.
The jackal bites you.
* * * LOW HITPOINT WARNING * * *
The worm bites your ball python!
Your ball python dies!
Your ball python's corpse dissolves into shadows!
You have reached level 3!
Your experience leads to an increase in your attributes!
Increase (S)trength, (I)ntelligence, or (D)exterity?
You feel stronger. x2
You closely miss the jackal.
The jackal bites you but does no damage.
The jackal closely misses you.
Your goblin hits the worm with a +0 club.
You barely miss the jackal. The jackal closely misses you.
Your goblin hits the worm with a +0 club.
You block the jackal's attack. You block the rat's attack.
You barely miss the jackal. You barely miss the worm.
You hit the rat but do no damage. The jackal bites you.
You die...

.....####...## #.#
#.##.......##########.###
#.######................# #.#
#...########.###.# ..#
###.########..##.## ###
#.................#
#.###+#######+###.#
##.#..⌠..r>...⌠..#.#
##..#....Jh@wg[...#.#
######...'⌠....###....⌠'.#
.....#.#.#.............#.# #
###......#######w#######.# ##
#...#..#....BhJJ.....#.## ##.
###...#..#....Jrwr.....#..# ##..
.........#.............#..####...
.##...##.###############...##....
......##..................####...


You could see a worm (ally target), an endoplasm, a jackal, a rat and a friendly
goblin (summoned).

Vanquished Creatures
  2 bats (D:1)
  5 endoplasms (D:1)
  2 giant cockroaches (D:1)
  A goblin (D:1)
  3 jackals (D:1)
  A kobold (D:1)
  A rat (D:1)
15 creatures vanquished.

Vanquished Creatures (collateral kills)
  2 endoplasms (D:1)
  A jackal (D:1)
  A rat (D:1)
4 creatures vanquished.

Grand Total: 19 creatures vanquished

Notes
Turn   | Place    | Note
-------+----------+-------------------------------------------
     0 | D:1      | SensoryNuts the Hill Orc Fighter began the quest for the
                  | Orb.
     0 | D:1      | Reached XP level 1. HP: 19/19 MP: 1/1
     2 | D:1      | Found a runed translucent door.
   337 | D:1      | Found a faded altar of an unknown god.
   630 | D:1      | Reached XP level 2. HP: 27/27 MP: 2/2
   956 | D:1      | Reached skill level 4 in Fighting
   969 | D:1      | HP: 1/27 [frozen (2)]
   980 | D:1      | HP: 1/27 [jackal (1)]
   981 | D:1      | Reached XP level 3. HP: 2/33 MP: 3/3
   983 | D:1      | Slain by a jackal

Illustrated notes

Levels and vault maps discovered:
D:1:      dpeg_arrival_caged_fury, layout_loops_corners,
          hellmonk_ecumenical_altar_crossroads, minmay_statues_item

Skill      XL: |  1  2 |
---------------+-------+-----
Axes           | 3 |  3.7
Fighting       | 4 |  4.0
Armour         | |  3.5
Shields        | |  3.4

Action                   || total
-------------------------++-------
Melee: War axe           ||    47
  Use: Scroll            ||     4
Armor: Scale mail        ||    30
Dodge: Dodged            ||    27
Block: Buckler           ||    12
